 Seeded DCSS version 0.30-a0-1043-g60ff8d5f49 (webtiles) character file.

Game seed: 4051328755992105930 (custom seed)

5450 Pimp the Cleaver (level 10, -7/90 HPs)
             Began as a Hill Orc Fighter on Apr 10, 2023.
             Was a Priest of Vehumet.
             Mangled by an orc knight
             ... wielding a +0 war axe
              (21 damage)
             ... in a bailey.
             The game lasted 00:20:37 (8463 turns).

Pimp the Cleaver (Hill Orc Fighter)                 Turns: 8463, Time: 00:20:37

Health: -7/90      AC: 22    Str: 25    XL:     10   Next: 68%
Magic:  16/16      EV: 10    Int: 14    God:    Vehumet [***...]
Gold:   456        SH:  5    Dex: 10    Spells: 8/17 levels left

rFire   + . .      SeeInvis .    i - +5 hand axe "Fidocking" {flame, Str+5 Int+2}
rCold   . . .      Faith    .    c - +0 buckler
rNeg    . . .      Spirit   .    E - +2 scale mail {rF+}
rPois   .          Reflect  .    x - +0 helmet
rElec   .          Rampage  .    q - +2 cloak
rCorr   .                        e - +1 pair of gloves
Will    .....                    u - +0 pair of boots Stlth
                                 (no amulet)
HPRegen 0.35/turn                v - +4 ring of protection
MPRegen 0.15/turn                (no ring)

@: hasted, very quick
A: no striking features
a: Renounce Religion


You were in a bailey.
You worshipped Vehumet.
Vehumet was most pleased with you.
You visited 2 branches of the dungeon, and saw 10 of its levels.
You also visited: Bailey.

You collected 1133 gold pieces.
You spent 677 gold pieces at shops.

Inventory:

Hand Weapons
 a - a +1 war axe
 i - the +5 hand axe "Fidocking" (weapon) {flame, Str+5 Int+2}
   (You bought it in a shop on level 4 of the Dungeon)

   Str:       It affects your strength (+5).
   Int:       It affects your intelligence (+2).
 C - a +3 war axe of protection
Missiles
 z - 2 throwing nets (quivered)
Armour
 b - a +0 scale mail
 c - a +0 buckler (worn)
 e - a +1 pair of gloves (worn)
 g - a +0 chain mail
 q - a +2 cloak (worn)
 u - a +0 pair of boots (worn)
 x - a +0 helmet (worn)
 y - +0 steam dragon scales
 E - a +2 scale mail of fire resistance (worn)
Jewellery
 v - a +4 ring of protection (left hand)
Wands
 l - a wand of flame (9)
 A - a wand of iceblast (9)
Scrolls
 h - a scroll of fog
 t - a scroll of silence
Potions
 d - 2 potions of curing
 f - 2 potions of degeneration
 j - 3 potions of mutation
 k - a potion of magic {unknown}
 m - a potion of ambrosia {unknown}
 n - 3 potions of cancellation
 o - 3 potions of flight {unknown}
 p - a potion of lignification {unknown}
 s - 2 potions of berserk rage {unknown}
 w - a potion of attraction {unknown}


   Skills:
 + Level 8.5 Fighting
 + Level 8.8 Axes
 + Level 7.8 Armour
 + Level 1.2 Dodging
 + Level 7.7 Shields
 + Level 4.1 Spellcasting
 + Level 1.1 Conjurations
 + Level 4.8 Fire Magic
 + Level 3.9 Poison Magic


You had 8 spell levels left.
You knew the following spells:

 Your Spells              Type           Power      Damage    Failure   Level
a - Ignite Poison         Fire/Tmut/Pois 11%        N/A       13%         3
b - Alistair's Intoxicat  Tmut/Pois      5%         N/A       99%         5
c - Foxfire               Conj/Fire      44%        2x1d6     4%          1

Your spell library contained the following spells:

 Spells                   Type           Power      Damage    Failure   Level
 Static Discharge         Conj/Air       8%         2-3/arc   16%         2
 Cigotuvi's Dreadful Rot  Necr/Pois/Air  12%        N/A       41%         2
 Apportation              Tloc           4%         N/A       45%         1
 Lesser Beckoning         Tloc           4%         N/A       61%         2
 Fireball                 Conj/Fire      5%         3d5       67%         5
 Call Canine Familiar     Summ           2%         N/A       83%         3
 Gell's Gravitas          Tloc           2%         N/A       83%         3
 Ozocubu's Armour         Ice            2%         N/A       83%         3
 Portal Projectile        Hex/Tloc       4%         N/A       83%         3
 Teleport Other           Tloc           2%         N/A       83%         3
 Freezing Cloud           Conj/Ice/Air   1%         6-21      94%         5
 Leda's Liquefaction      Hex/Erth       1%         N/A       99%         4
 Plasma Beam              Fire/Air       4%         2x1d16    99%         6
 Starburst                Conj/Fire      5%         6d4       99%         6
 Metabolic Englaciation   Hex/Ice        1%         N/A       100%        5
 Simulacrum               Ice/Necr       1%         N/A       100%        6


Dungeon Overview and Level Annotations

Branches:
Dungeon (9/15)             Temple (1/1) D:5            Lair (0/5) D:8
 Bailey (1/1)
    Orc: D:9-12

Altars:
Ashenzari
Cheibriados
Dithmenos
Elyvilon
Fedhas
Gozag
Hepliaklqana
Kikubaaqudgha
Makhleb
Nemelex Xobeh
Okawaru
Ru
Trog
Uskayaw
Vehumet
Wu Jian
The Shining One

Shops:
D:4 **   D:5 (

Annotations:
D:5 2 transporters, kougar's ghost, amateur MfIE


Message History

There is an open door here.
Okay, then.
You feel sick.
The orc knight roars a battlecry!
The orcs go into a battle-frenzy!
You see here 4 atropa-tipped darts.
You barely miss the orc knight.
You feel sick.
The orc knight hits you with a +3 war axe!
You hit the orc knight. You burn the orc knight.
The orc knight is lightly wounded.
You feel sick.
You are no longer poisoned.
You hit the orc knight. You burn the orc knight.
The orc knight is moderately wounded.
You hit the orc warrior. You burn the orc warrior.
The orc knight roars a battlecry!
The orc knight goes into a battle-frenzy!
You feel much better.
The orc knight hits you with a +3 war axe!
It was a potion of cancellation.
You feel magically purged.
The orc knight hits you but does no damage.
The orc knight hits you with a +3 war axe!
You feel yourself speed up.
The orc knight hits you with a +0 war axe!!
The orc knight barely misses you.
You hit the orc knight. You burn the orc knight.
The orc knight is lightly wounded.
You hit the orc knight. You burn the orc knight.
The orc knight hits you with a +3 war axe!!
* * * LOW HITPOINT WARNING * * *
Unknown command.
You closely miss the orc knight.
The orc knight is lightly wounded.
You miss the kobold brigand. You hit the orc knight. You burn the orc knight.
Okay, then.
You hit the kobold brigand but do no damage.
You hit the orc knight but do no damage.
You barely miss the orc knight.
The orc knight hits you with a +0 war axe!!
You die...

#.###~~.......~~##
#....~~.......~~..
#####~~.......~~#
##~.......~##
####))'####
##.....##
#∩)....∩#
#...8...#
##.o@o.## ###K###
#oo.# #.........#
#.............#
...............
...............
#.............#
###.!$.(.?$.###


You could see 2 orc knights, 2 orc warriors and a kobold brigand.

Vanquished Creatures
  Joseph (D:7)
  A troll (D:9)
  4 yaks (D:8)
  A steam dragon (D:6)
  Grum (D:8)
  A water moccasin (D:6)
  4 orc warriors
  An ice beast (D:6)
  4 black bears
  2 ogres
  3 wolves (D:8)
  2 centaurs (D:9)
  A phantom (D:5)
  6 kobold brigands
  4 bullfrogs
  A gnoll sergeant (D:5)
  2 scorpions
  14 wights
  A howler monkey (D:8)
  A hound (D:4)
  A jelly (D:7)
  2 gnoll boudas
  6 orc priests
  A sleepcap (D:4)
  6 orc wizards
  13 gnolls
  10 adders
  3 shadow imps
  A white imp (D:6)
  2 ufetubi
  A worm (D:5)
  4 dart slugs
  25 orcs
  4 ball pythons
  5 bats
  9 endoplasms
  5 giant cockroaches
  11 goblins
  7 hobgoblins
  7 jackals (D:1)
  33 kobolds
  7 quokkas
  3 frilled lizards
  4 rats (D:1)
225 creatures vanquished.

Notes
Turn   | Place    | Note
-------+----------+-------------------------------------------
     0 | D:1      | Pimp the Hill Orc Fighter began the quest for the Orb.
     0 | D:1      | Reached XP level 1. HP: 19/19 MP: 1/1
    22 | D:1      | Reached XP level 2. HP: 18/27 MP: 2/2
   326 | D:1      | Reached XP level 3. HP: 32/33 MP: 3/3
   603 | D:2      | Reached XP level 4. HP: 40/40 MP: 4/4
   743 | D:2      | Found the +0 toga "Victory" {*Victory Clar}
  1308 | D:3      | Reached XP level 5. HP: 47/47 MP: 5/5
  2274 | D:4      | Found Ynwimor's Specific Store.
  2321 | D:3      | Reached skill level 5 in Fighting
  2337 | D:4      | Reached XP level 6. HP: 53/56 MP: 6/6
  2439 | D:4      | Identified a scroll of acquirement
  2439 | D:4      | Acquired 662 gold pieces
  2543 | D:4      | Found Tajexei's General Store.
  2556 | D:4      | Reached skill level 5 in Axes
  2664 | D:4      | Reached skill level 5 in Armour
  2664 | D:4      | Reached XP level 7. HP: 59/61 MP: 8/8
  2683 | D:4      | Bought the +5 hand axe "Fidocking" {flame, Str+5 Int+2} for
                  | 677 gold pieces
  2755 | D:4      | Reached skill level 1 in Spellcasting
  3046 | D:5      | Entered Level 5 of the Dungeon
  3092 | D:5      | Found a staircase to the Ecumenical Temple.
  3105 | D:5      | Reached skill level 5 in Shields
  3116 | Temple   | Entered the Ecumenical Temple
  3151 | Temple   | Became a worshipper of Vehumet
  3172 | D:5      | Found a transporter.
  3172 | D:5      | Noticed kougar's ghost (amateur MfIE)
  3322 | D:5      | Reached XP level 8. HP: 33/70 MP: 10/10
  3669 | D:5      | Found a transporter.
  3954 | D:5      | Found Hungemn's Weapon Emporium.
  4210 | D:6      | Learned a level 3 spell: Ignite Poison
  4305 | D:6      | Reached * piety under Vehumet
  4305 | D:6      | Offered knowledge of Freeze by Vehumet.
  4306 | D:6      | Reached skill level 1 in Fire Magic
  4312 | D:6      | Reached skill level 1 in Poison Magic
  4734 | D:6      | Reached XP level 9. HP: 77/79 MP: 11/13
  5313 | D:7      | Noticed Joseph
  5344 | D:7      | Killed Joseph
  5645 | D:7      | Offered knowledge of Magic Dart by Vehumet.
  5647 | D:7      | Reached ** piety under Vehumet
  5942 | D:8      | Noticed Grum
  5956 | D:8      | Killed Grum
  5956 | D:8      | HP: 2/81 [wolf[Grum] (6)]
  5957 | D:8      | Reached XP level 10. HP: 3/88 MP: 15/15
  6497 | D:8      | Learned a level 5 spell: Alistair's Intoxication
  6555 | D:8      | Found a staircase to the Lair.
  7345 | D:8      | Offered knowledge of Static Discharge by Vehumet.
  7612 | D:8      | Found a bloodstained altar of Trog.
  7779 | D:7      | Learned a level 1 spell: Foxfire
  8250 | D:9      | Reached *** piety under Vehumet
  8251 | D:9      | Found a flagged portal.
  8260 | Bailey   | Entered a bailey
  8281 | Bailey   | Reached skill level 1 in Dodging
  8307 | Bailey   | Reached skill level 1 in Conjurations
  8449 | Bailey   | Noticed an orc knight
  8449 | Bailey   | Noticed an orc knight
  8450 | Bailey   | Found a bloodstained altar of Trog.
  8463 | Bailey   | Mangled by an orc knight

Illustrated notes

Levels and vault maps discovered:
D:1:      evilmike_arrival_crescent, layout_basic, minmay_misc_feat_columns
D:2:      layout_rooms
D:3:      layout_loops_ring, chequers_serial_rivers_micro_b
D:4:      layout_loops_ring, nicolae_specific_store
D:5:      layout_loops_ring, minmay_temple_entry_mist, serial_shops, shop,
          gammafunk_ghost_stat_death
D:6:      layout_basic
D:7:      layout_cave_pools, uniq_joseph
D:8:      layout_cave_pods, trog_hazing_becter, lair_entry_dummy,
          serial_park_tiny_pond, minmay_crossroads, uniq_grum
D:9:      layout_roguey, enter_bailey_6, minmay_misc_feat_rugged,
          amcnicky_mini_rare_corridor_liquid, uniq_maggie
Temple:   compressed_dpeg_triangle_lava_temple
Bailey:   bailey_axe_3, bailey

Skill      XL: |  1  2  3  4  5  6  7  8  9 10 |
---------------+-------------------------------+-----
Axes           | 3 4 5 6 7 8 |  8.8
Fighting       | 4 5 6 7 8 |  8.5
Armour         | 4 5 6 7 |  7.8
Shields        | 4 5 6 7 |  7.7
Spellcasting   | 1 2 3 4 |  4.1
Fire Magic     | 2 3 4 |  4.8
Poison Magic   | 1 3 |  3.9
Dodging        | 1 |  1.2
Conjurations   | 1 |  1.1

Action                     |  1- 3 |  4- 6 |  7- 9 | 10-12 || total
---------------------------+-------+-------+-------+-------++-------
  Melee: War axe           |    91 |   139 |       |       ||   230
         Hand axe          |       |       |   298 |   163 ||   461
    Use: Scroll            |       |     9 |     4 |     4 ||    17
         Potion            |       |       |     6 |     4 ||    10
 Armour: Scale mail        |    75 |    54 |       |     2 ||   131
         Chain mail        |       |    32 |   224 |   130 ||   386
  Dodge: Dodged            |    69 |    82 |    84 |    74 ||   309
  Block: Buckler           |    26 |    41 |    76 |    60 ||   203

Table legend: (Time is in decaauts)
 A = Elapsed time spent in this place.
 B = Non-inter-level travel time spent in this place.
 C = Inter-level travel time spent in this place.
 D = Time resting spent in this place.
 E = Time spent auto-exploring this place.
 F = Levels seen in this place.
 G = Mean time per level.
                   A        B        C        D        E       F      G
               +--------+--------+--------+--------+--------+-----+--------+
         Total |   8502 |   7955 |    547 |   1606 |   4456 |  11 |  772.9 |
       Dungeon |   8267 |   7732 |    535 |   1597 |   4368 |   9 |  918.6 |
        Temple |     48 |     36 |     12 |      0 |      0 |   1 |   48.0 |
        Bailey |    186 |    186 |      0 |      9 |     88 |   1 |  186.0 |
               +--------+--------+--------+--------+--------+-----+--------+

Top non-repeatable levels by time:
     D:8: 1792 daAuts
     D:5: 1098 daAuts
     D:6: 1097 daAuts
     D:3: 986 daAuts
     D:4: 967 daAuts
     D:7: 865 daAuts
     D:2: 647 daAuts
     D:1: 529 daAuts
     D:9: 283 daAuts
  Bailey: 186 daAuts
  Temple: 48 daAuts
